 Dungeon Crawl Stone Soup version 0.30-a0-222-ge547ba4400 (webtiles) character file.

Game seed: 6563855256127015195

3200 bande the Cleaver (level 9, -2/55 HPs)
             Began as a Gargoyle Fighter on Oct 9, 2022.
             Was a Priest of Okawaru.
             Slain by a yak (5 damage)
             ... on level 8 of the Dungeon.
             The game lasted 00:10:43 (7228 turns).

bande the Cleaver (Gargoyle Fighter)                Turns: 7228, Time: 00:10:44

Health: -2/55      AC: 21    Str: 20    XL:     9   Next: 96%
Magic:  12/12      EV:  6    Int:  9    God:    Okawaru [***...]
Gold:   403        SH:  5    Dex: 13    Spells: 8/8 levels left

rFire   . . .      SeeInvis .    a - +1 war axe
rCold   . . .      Faith    .    c - +0 buckler
rNeg    + . .      Spirit   .    l - +0 plate armour
rPois   ∞          Reflect  .    (no helmet)
rElec   +          Harm     .    q - +1 cloak {rPois}
rCorr   .          Rampage  .    (no gloves)
Will    .....                    (no boots)
Stlth   ..........               x - amulet of regeneration
HPRegen 1.09/turn                u - ring of flight
MPRegen 0.13/turn                (no ring)

@: flying
A: sickness immunity, AC +6, negative energy resistance 1, electricity
resistance, torment resistance 1, petrification resistance
a: Renounce Religion, Heroism


You were on level 8 of the Dungeon.
You worshipped Okawaru.
Okawaru was most pleased with you.
You visited 2 branches of the dungeon, and saw 9 of its levels.

You collected 403 gold pieces.

Inventory:

Hand Weapons
 a - a +1 war axe (weapon)
 n - a +0 flail
Armour
 c - a +0 buckler (worn)
 l - a +0 plate armour (worn)
 q - a +1 cloak of poison resistance (worn)
Jewellery
 r - a ring of fire
 u - a ring of flight (left hand)
 x - an amulet of regeneration (around neck)
Wands
 o - a wand of polymorph (5)
 v - a wand of roots (3)
Scrolls
 h - 6 scrolls of teleportation
 s - a scroll of enchant weapon
 w - a scroll of magic mapping {unknown}
 y - a scroll of vulnerability {unknown}
 A - a scroll of fear {unknown}
 B - a scroll of amnesia {unknown}
 C - 2 scrolls of identify
Potions
 b - a potion of brilliance {unknown}
 d - a potion of might
 e - 2 potions of berserk rage
 f - 3 potions of ambrosia
 g - a potion of degeneration {unknown}
 i - 2 potions of curing
 j - 2 potions of invisibility
 k - a potion of heal wounds
 m - a potion of magic {unknown}
 p - 2 potions of resistance {unknown}
 t - 2 potions of flight {unknown}
 z - a potion of lignification {unknown}
 D - a potion of attraction {unknown}


   Skills:
 + Level 6.1 Fighting
 + Level 8.0 Axes
 + Level 6.9 Armour
 + Level 5.7 Shields
 * Level 4.7 Invocations
 * Level 3.8 Evocations


You had 8 spell levels left.
You didn't know any spells.
Your spell library contained the following spells:

 Spells                   Type           Power      Damage    Failure   Level
 Blink                    Tloc           0%         N/A       100%        2
 Momentum Strike          Conj/Tloc      0%         3d8       100%        2
 Lesser Beckoning         Tloc           0%         N/A       100%        3
 Summon Small Mammal      Summ           Unusable   N/A       N/A         1
 Call Canine Familiar     Summ           Unusable   N/A       N/A         3
 Summon Guardian Golem    Hex/Summ       Unusable   N/A       N/A         3

Dungeon Overview and Level Annotations

Branches:
Dungeon (8/15)             Temple (1/1) D:5
   Lair: D:8-11

Altars:
Ashenzari
Elyvilon
Gozag
Makhleb
Nemelex Xobeh
Okawaru
Ru
Trog
Uskayaw
Yredelemnul
The Shining One

Shops:
D:2 [   D:3 [   D:4 !


Innate Abilities, Weirdness & Mutations

You are immune to sickness and miasma.
Your stone body is resilient. (AC +6)
You are immune to poison.
You resist negative energy. (rN+)
You are resistant to electric shocks. (rElec)
You are resistant to unholy torment.
You are immune to petrification.


Message History

The yak barely misses you. You block the yak's attack. The yak gores you.
The yak barely misses you. You block the yak's attack.
You hit the yak.
The yak is moderately wounded.
You hit the yak. x2; The yak gores you but does no damage. x2
The yak barely misses you.
You closely miss the yak.
The yak is moderately wounded.
You hit the yak. You barely miss the yak. You hit the yak but do no damage.
The yak gores you! The yak gores you but does no damage. The yak gores you.
The yak gores you but does no damage.
You slash the yak!
The yak is severely wounded.
You completely miss the yak. You hit the yak but do no damage.
You barely miss the yak. The yak gores you but does no damage.
You block the yak's attack. The yak closely misses you.
You hit the yak but do no damage.
The yak is severely wounded.
You hit the yak but do no damage. You hit the yak.
You hit the yak but do no damage. x2; The yak closely misses you.
The yak gores you but does no damage. The yak barely misses you.
The yak gores you but does no damage. x2
You closely miss the yak.
The yak is severely wounded.
You hit the yak. x3; You closely miss the yak.
The yak gores you. The yak gores you but does no damage. The yak gores you.
The yak gores you!
* * * LOW HITPOINT WARNING * * *
You block the yak's attack.
You are too injured to fight recklessly!
You are too injured to fight recklessly!
You are too injured to fight recklessly!
You are too injured to fight recklessly!
Unknown command.
You slash the yak!
The yak is moderately wounded.
You barely miss the yak. x2; You hit the yak.
You slash the yak! The yak gores you!
* * * LOW HITPOINT WARNING * * *
The yak barely misses you. The yak gores you.
You die...

..................
...##............#
.# ###.........# .
###.......# ..
###.......## ...
####..........#..#
............Y...#
........>..YYY.#
.....###...Y@Y##
.............##
######.......#
##.....[.#
#.......>#
#........#
#......##..
.####..# ## .# ...


You could see 6 yaks.

Vanquished Creatures
  Joseph (D:7)
  4 fire bats (D:8)
  A steam dragon (D:7)
  A hell hound (D:8)
  An orc warrior (D:8)
  2 ice beasts
  2 sky beasts
  2 black bears
  A centaur (D:6)
  A kobold brigand (D:7)
  A gnoll sergeant (D:8)
  A bullfrog (D:6)
  A scorpion (D:7)
  2 necrophages
  3 killer bees (D:7)
  A howler monkey (D:7)
  Crazy Yiuf (D:3)
  3 hounds
  4 orc priests
  2 jellies
  Terence (D:3)
  5 orc wizards
  5 iguanas
  7 adders
  7 gnolls
  A shadow imp (D:6)
  2 white imps
  3 ufetubi
  A dart slug (D:1)
  3 worms
  13 orcs
  8 ball pythons
  5 bats
  4 endoplasms
  4 giant cockroaches
  8 goblins
  5 hobgoblins
  7 jackals
  10 quokkas
  15 kobolds
  3 rats
152 creatures vanquished.

Vanquished Creatures (others)
  3 fire vortices (D:8)
  2 plants (D:8)
5 creatures vanquished.

Grand Total: 157 creatures vanquished

Notes
Turn   | Place    | Note
-------+----------+-------------------------------------------
     0 | D:1      | bande the Gargoyle Fighter began the quest for the Orb.
     0 | D:1      | Reached XP level 1. HP: 14/14 MP: 1/1
    41 | D:1      | Reached skill level 2 in Axes
    41 | D:1      | Reached XP level 2. HP: 19/19 MP: 2/2
   259 | D:1      | Reached XP level 3. HP: 19/23 MP: 3/3
  1043 | D:2      | Reached XP level 4. HP: 29/29 MP: 4/4
  1050 | D:2      | Found a faded altar of an unknown god.
  1339 | D:2      | Found Hukoubi's Antique Armour Emporium.
  1778 | D:3      | Identified the +6 chain mail of the Snail {rElec rN+++
                  | Dex-5 Stlth+}
  1815 | D:3      | Found Xeunaq's Armour Shoppe.
  1957 | D:3      | Noticed Terence
  1959 | D:3      | Killed Terence
  1960 | D:3      | Reached skill level 3 in Axes
  2069 | D:3      | Found a runed translucent door.
  2070 | D:3      | Noticed Crazy Yiuf
  2370 | D:3      | Killed Crazy Yiuf
  2371 | D:3      | Reached XP level 5. HP: 15/33 MP: 5/5
  2531 | D:4      | Found a basalt altar of Yredelemnul.
  2537 | D:4      | Found Daemu's Distillery.
  2639 | D:4      | Noticed a sky beast
  2676 | D:4      | Killed a sky beast
  2677 | D:4      | Reached skill level 4 in Axes
  2677 | D:4      | Reached XP level 6. HP: 20/38 MP: 6/6
  2854 | D:4      | Found a glowing golden altar of the Shining One.
  3446 | D:5      | Entered Level 5 of the Dungeon
  3490 | D:5      | Identified the +7 dagger of the Shrieking God {vorpal,
                  | rElec Dex+3}
  3525 | D:5      | Reached skill level 5 in Armour
  3525 | D:5      | Reached XP level 7. HP: 42/44 MP: 7/7
  3591 | D:5      | Found an opulent altar of Gozag.
  3639 | D:5      | Found a staircase to the Ecumenical Temple.
  3655 | D:5      | Reached skill level 5 in Axes
  3662 | Temple   | Entered the Ecumenical Temple
  3671 | Temple   | Became a worshipper of Warmaster Okawaru
  4148 | D:6      | Reached skill level 5 in Fighting
  4148 | D:6      | Reached skill level 1 in Invocations
  4148 | D:6      | Reached skill level 1 in Evocations
  4150 | D:6      | Reached * piety under Okawaru
  4151 | D:6      | Reached XP level 8. HP: 23/49 MP: 7/9
  4460 | D:6      | Reached skill level 6 in Axes
  5122 | D:7      | Noticed Joseph
  5135 | D:7      | Killed Joseph
  5136 | D:7      | Reached skill level 5 in Shields
  5324 | D:7      | Reached XP level 9. HP: 54/54 MP: 11/11
  5330 | D:7      | Reached ** piety under Okawaru
  5570 | D:7      | Noticed a +0 falchion
  5571 | D:7      | Noticed a +0 spear
  5571 | D:7      | Noticed a +0 short sword
  5572 | D:7      | Noticed a +0 dagger
  5605 | D:7      | Noticed a +0 falchion
  5606 | D:7      | Noticed a +0 short sword
  5607 | D:7      | Noticed a +0 spear
  5610 | D:7      | Noticed a +0 dagger
  5639 | D:7      | Reached skill level 7 in Axes
  5910 | D:7      | Found a hide-covered altar of Uskayaw.
  6709 | D:8      | Reached *** piety under Okawaru
  6789 | D:8      | Reached skill level 8 in Axes
  7228 | D:8      | Slain by a yak

Illustrated notes

Levels and vault maps discovered:
D:1:      shiori_arrival_oz, layout_basic
D:2:      layout_basic, shapermc_ecumenical_altar_flowoftime, serial_shops,
          nicolae_shop_stone, hex_large
D:3:      layout_basic, serial_shops, shop, uniq_crazy_yiuf_cottage,
          uniq_terence
D:4:      layout_loops_ring, mainiacjoe_overflow_boulevard, kennysheep_mini,
          nicolae_wooded_promenade
D:5:      layout_rooms, grunt_gozag_breadcrumbs,
          minmay_temple_entry_proselytizer
D:6:      layout_basic, minivault_22
D:7:      layout_basic, nicolae_uskayaw_en_pointe, serial_glass,
          glass_columns_b, glass_columns_a, minmay_misc_feat_doors,
          minmay_tree_intersection, uniq_joseph
D:8:      layout_layer_cave, serial_bayou_pond_d, roderic_roman_lattice,
          hangedman_incinerator, uniq_maggie
Temple:   nicolae_temple_bog_church

Skill      XL: |  1  2  3  4  5  6  7  8  9 |
---------------+----------------------------+-----
Axes           | 2 3 4 5 6 8 |  8.0
Armour         | 4 5 6 |  6.9
Fighting       | 4 5 6 |  6.1
Shields        | 4 5 |  5.7
Invocations    | 1 3 4 |  4.7
Evocations     | 1 2 3 |  3.8

Action                   |  1- 3 |  4- 6 |  7- 9 || total
-------------------------+-------+-------+-------++-------
Melee: War axe           |    91 |   218 |   329 ||   638
  Use: Scroll            |       |     8 |     4 ||    12
       Potion            |       |       |     1 ||     1
 Stab: Distracted        |       |       |     1 ||     1
Armor: Scale mail        |    55 |    11 |       ||    66
       Plate armour      |       |   173 |   334 ||   507
Dodge: Dodged            |    42 |    44 |   122 ||   208
Block: Buckler           |    26 |    46 |   104 ||   176

Table legend: (Time is in decaauts)
 A = Elapsed time spent in this place.
 B = Non-inter-level travel time spent in this place.
 C = Inter-level travel time spent in this place.
 D = Time resting spent in this place.
 E = Time spent auto-exploring this place.
 F = Levels seen in this place.
 G = Mean time per level.
                   A        B        C        D        E       F      G
               +--------+--------+--------+--------+--------+-----+--------+
         Total |   7420 |   7319 |    101 |   1058 |   4529 |   9 |  824.4 |
       Dungeon |   7400 |   7299 |    101 |   1058 |   4529 |   8 |  925.0 |
        Temple |     20 |     20 |      0 |      0 |      0 |   1 |   20.0 |
               +--------+--------+--------+--------+--------+-----+--------+

Top non-repeatable levels by time:
     D:7: 1376 daAuts
     D:6: 1039 daAuts
     D:4: 1008 daAuts
     D:1: 912 daAuts
     D:2: 886 daAuts
     D:8: 752 daAuts
     D:3: 752 daAuts
     D:5: 671 daAuts
  Temple: 20 daAuts
